 Dungeon Crawl Stone Soup version 0.24.1-14-gf8d2b509d9 (webtiles) character file.

Game seed: 6110024064011460274, levelgen mode: deterministic

429 Bodigarde the Cudgeler (level 6, -4/52 HPs)
             Began as a Draconian Wanderer on May 23, 2020.
             Was a Believer of Yredelemnul.
             Killed by nerve-wracking pain
             ... invoked by Menkaure
              (12 damage)
             ... on level 4 of the Dungeon.
             The game lasted 00:13:27 (4498 turns).

Bodigarde the Cudgeler (Draconian Wanderer)         Turns: 4498, Time: 00:13:30

Health: -4/52      AC:  6    Str: 17    XL:     6   Next: 66%
Magic:  7/7        EV: 12    Int: 11    God:    Yredelemnul [**....]
Gold:   251        SH:  4    Dex: 11    Spells: 5/5 levels left

rFire    . . .     SeeInvis .   a - +2 mace
rCold    . . .     Gourm    .   l - +0 buckler (curse)
rNeg     . . .     Faith    .   (armour unavailable)
rPois    .         Spirit   .   (helmet restricted)
rElec    .         Reflect  .   (no cloak)
rCorr    .         Harm     .   (no gloves)
MR       .....                  (no boots)
Stlth    +.........             (no amulet)
HPRegen  0.17/turn              (no ring)
MPRegen  0.10/turn              (no ring)

@: lethally poisoned (-4 -> -9)
A: unfitting armour, cold-blooded, AC +6
a: Animate Remains, Recall Undead Slaves, Injury Mirror, Renounce Religion


You were on level 4 of the Dungeon.
You worshipped Yredelemnul.
Yredelemnul was pleased with you.
You were very hungry.

You visited 1 branch of the dungeon, and saw 4 of its levels.
You also visited: Sewer.

You collected 251 gold pieces.

Inventory:

Hand Weapons
 a - a +2 mace (weapon)
 j - a cursed +0 mace
Missiles
 c - a poisoned dart
 k - 124 stones (quivered)
Armour
 l - a cursed +0 buckler (worn)
Jewellery
 n - a +4 ring of strength {unknown}
Scrolls
 d - 3 scrolls of teleportation
 g - a scroll of magic mapping {unknown}
 o - a scroll of enchant armour {unknown}
 q - a scroll of remove curse {unknown}
 r - a scroll of blinking {unknown}
 u - a scroll of fear {unknown}
Potions
 b - a potion of berserk rage
 e - 5 potions of curing
 h - a potion of mutation
 i - a potion of heal wounds {unknown}
 m - a potion of flight {unknown}
 p - a potion of invisibility {unknown}
 s - 2 potions of degeneration {unknown}
 t - a potion of lignification {unknown}
Comestibles
 f - 7 rations


   Skills:
 + Level 4.0 Fighting
 * Level 6.0 Maces & Flails
   Level 1.7 Crossbows
 + Level 2.5 Dodging
 + Level 2.4 Shields
 + Level 0.5 Invocations
   Level 2.0 Evocations


You had 5 spell levels left.
You didn't know any spells.
Your spell library was empty.

Dungeon Overview and Level Annotations

Branches:
Dungeon (4/15)              Sewer (visited)
 Temple: D:4-7

Altars:
Elyvilon
Yredelemnul

Annotations:
D:4 Menkaure


Innate Abilities, Weirdness & Mutations

Your plain brown scales are hard. (AC +6)
You cannot fit into any form of body armour.
You are cold-blooded and may be slowed by cold attacks.


Message History

Your body is wracked with pain!
The adder barely misses you.
You closely miss the adder.
Your tail-slap misses the adder.
The adder is almost dead.
You feel sick. You block the adder's attack.
Menkaure calls on the powers of darkness!
Your body is wracked with pain!
* * * LOW HITPOINT WARNING * * *
Unknown command.
You closely miss the adder.
The adder is almost dead.
You feel sick. The adder misses you. The adder barely misses you.
Unknown command.
You hit the adder.
You kill the adder!
Yredelemnul accepts your kill.
You feel sick.
Menkaure gestures at you while chanting.
Pain shoots through your body!
You die...
Your body rises from the dead as a mindless zombie.

.. #.# .# #.#
.# . #M# .# #.
#.# .# ##<# #.#
.# ..... #.# .#
. ...###.# .#
... ...#@# .#
.....#.#†## .#
..........# .#
.# ##..#####.#
.####.####..#
#.####.#
............#
#......#
.####.## #..#
#.###### )# #.#
#..#####.# .#
#.####........#


You could see Menkaure.

Vanquished Creatures
  2 bullfrogs (Sewer)
  An orc priest (D:3)
  2 worker ants (D:4)
  6 adders
  5 adder skeletons (D:2)
  An adder zombie (D:2)
  5 dart slugs
  4 leopard geckos
  4 orcs (D:3)
  6 ball pythons
  3 bat skeletons (D:2)
  3 bat zombies (D:2)
  12 giant cockroaches
  8 hobgoblins
  9 jackals
  A quokka (D:3)
  12 bats
  9 frilled lizards
  2 giant cockroach zombies (D:2)
  12 goblins
  A jackal zombie (D:2)
  8 kobolds
  2 leopard gecko skeletons (D:2)
  A leopard gecko zombie (D:2)
  A quokka skeleton (D:2)
  3 quokka zombies (D:2)
  13 rats
136 creatures vanquished.

Notes
Turn   | Place    | Note
-------+----------+-------------------------------------------
     0 | D:1      | Bodigarde the Draconian Wanderer began the quest for the
                  | Orb.
     0 | D:1      | Bodigarde set off with the following items: a +2 mace, a +0
                  | shortbow, 27 arrows, a scroll of teleportation, a ration
     0 | D:1      | Reached XP level 1. HP: 17/17 MP: 2/2
   152 | D:1      | Reached XP level 2. HP: 25/25 MP: 3/3
   737 | D:1      | Reached XP level 3. HP: 28/30 MP: 4/4
   861 | D:1      | Reached skill level 1 in Dodging
  1293 | D:2      | Reached skill level 1 in Shields
  1324 | D:2      | Reached XP level 4. HP: 27/37 MP: 5/5
  1507 | D:2      | Found a basalt altar of Yredelemnul.
  1515 | D:2      | Became a worshipper of Yredelemnul the Dark
  1832 | D:2      | Reached skill level 5 in Maces & Flails
  1973 | D:2      | Reached * piety under Yredelemnul
  1991 | D:2      | Reached XP level 5. HP: 21/45 MP: 6/6
  2324 | D:3      | Found a glowing drain.
  2699 | Sewer    | Entered a sewer
  2964 | Sewer    | Reached ** piety under Yredelemnul
  3061 | Sewer    | Reached XP level 6. HP: 37/52 MP: 7/7
  3808 | D:3      | Found a white marble altar of Elyvilon.
  4243 | D:4      | Noticed Menkaure
  4491 | D:4      | Reached skill level 6 in Maces & Flails
  4498 | D:4      | Killed from afar by Menkaure

Levels and vault maps discovered:
D:1:      eino_arrival_cavern_e, layout_loops_cross, minmay_3d_cube
D:2:      cheibrodos_greedy_goblins, layout_basic, serial_undead,
          serial_undead_e, serial_undead_a, serial_undead_c, serial_undead_e,
          serial_undead_c, serial_undead_c, serial_undead_a, serial_undead_b,
          serial_undead_c, serial_undead_d, yredelemnul_altar_generic
D:3:      layout_basic, nicolae_overflow_crystal_walls,
          cheibrodos_sewer_entry_drain
D:4:      layout_loops_ring, serial_shops, nicolae_shop_waterfront,
          uniq_menkaure

Skill      XL: |  1  2  3  4  5  6 |
---------------+-------------------+-----
Dodging        | 1 2 |  2.5
Shields        | 1 2 |  2.4
Fighting       | 3 4 |  4.0
Maces & Flails | 5 6 |  6.0
Crossbows      | |  1.7
Invocations    | |  0.5
Evocations     | |  2.0

Action                   |  1- 3 |  4- 6 || total
-------------------------+-------+-------++-------
Melee: Mace              |   113 |   241 ||   354
       Tailslap          |     5 |    23 ||    28
 Fire: Shortbow          |    31 |       ||    31
Throw: Stone             |    22 |    35 ||    57
       Dart              |     1 |     7 ||     8
  Use: Scroll            |       |     3 ||     3
 Stab: Sleeping          |       |     1 ||     1
  Eat: Chunk             |     1 |    10 ||    11
Armor: Skin              |    44 |    73 ||   117
Dodge: Dodged            |    80 |   156 ||   236
Block: Buckler           |    16 |    46 ||    62
